 Dungeon Crawl Stone Soup version 0.31-a0-473-g61b50ae490 (webtiles) character file.

Game seed: 15557592436388414725

66 Mickster the Grave Robber (level 4, 0/39 HPs)
             Began as an Ogre Necromancer on Aug 6, 2023.
             Slain by Grinder (1 damage)
             ... on level 3 of the Dungeon.
             The game lasted 00:34:30 (2306 turns).

Mickster the Grave Robber (Ogre Necromancer)        Turns: 2306, Time: 00:34:30

Health: 0/39       AC:  4    Str: 18    XL:     4   Next: 15%
Magic:  8/8        EV:  9    Int: 18    God:
Gold:   43         SH:  0    Dex:  9    Spells: 5/9 levels left

rFire   . . .        k - +0 war axe
rCold   . . .        (no shield)
rNeg    . . .        a - +1 robe
rPois   .            (helmet restricted)
rElec   .            (no cloak)
rCorr   .            (gloves unavailable)
SInv    .            (boots unavailable)
Will    +....        (no amulet)
Stlth   ++           f - ring of willpower
HPRegen 0.26/turn    b - +6 ring of strength
MPRegen 0.11/turn

%: no passive effects
@: about to teleport
A: large, unfitting armour, tough skin 1
a: no special abilities


You were on level 3 of the Dungeon.
You visited 1 branch of the dungeon, and saw 3 of its levels.

You collected 43 gold pieces.

Inventory:

Hand Weapons
 c - a +0 short sword
 d - a +0 dagger of draining
 g - a +0 morningstar
 k - a +0 war axe (weapon)
Missiles
 e - a throwing net
 i - 2 atropa-tipped darts
 l - 5 poisoned darts (quivered)
Armour
 a - a +1 robe (worn)
Jewellery
 b - a +6 ring of strength (right hand)
 f - a ring of willpower (left hand)
 j - a ring of flight
Scrolls
 h - a scroll of teleportation


   Skills:
 + Level 0.1 Fighting
 * Level 1.1(1.2) Axes
 - Level 0.3(0.7) Maces & Flails
 + Level 1.8 Dodging
 + Level 1.7 Stealth
 + Level 0.1 Unarmed Combat
 * Level 3.0 Spellcasting
 * Level 4.3 Necromancy


You had 5 spell levels left.
You knew the following spells:

 Your Spells              Type           Power      Damage    Failure   Level
a - Necrotise             Necr           72%        1d7       2%          1
b - Vampiric Draining     Necr           18%        2d7       9%          3

Your spell library contained the following spells:

 Spells                   Type           Power      Damage    Failure   Level
 Blink                    Tloc           4%         N/A       24%         2
 Animate Dead             Necr           18%        N/A       26%         4
 Agony                    Necr           18%        N/A       58%         5
 Manifold Assault         Tloc           2%         N/A       85%         4


Dungeon Overview and Level Annotations

Branches:
Dungeon (3/15)

Altars:
Okawaru

Shops:
D:2 !

Annotations:
D:3 Grinder


Innate Abilities, Weirdness & Mutations

You are too large for most types of armour.
You have tough skin. (AC +1)


Message History

Grinder hits you.
Your rat skeleton bites Grinder.
You barely miss Grinder.
Grinder is moderately wounded.
Grinder barely misses you.
An orc comes into view. It is wielding a +0 hand axe.
Your rat skeleton closely misses Grinder.
Grinder blinks!
The orc moves out of view.
You hit the iguana.
The iguana is moderately wounded.
Grinder hits your rat skeleton!
Your rat skeleton is destroyed!
The iguana bites you!
You barely miss the iguana.
The iguana is moderately wounded.
Grinder gestures at you. Pain shoots through your body! The iguana bites you.
The iguana barely misses you.
You closely miss the iguana.
The iguana is moderately wounded.
Grinder gestures at you. You resist with some effort. The iguana bites you.
You hit the iguana.
The iguana is moderately wounded.
The iguana hisses menacingly.
The iguana barely misses you. x2
An orc wizard comes into view. It is wielding a +0 dagger.
Grinder hits you.
* * * LOW HITPOINT WARNING * * *
You writhe in agony.
* * * LOW HITPOINT WARNING * * *
Unknown command.
As you read the scroll of teleportation, it crumbles to dust.
You feel strangely unstable. Grinder hits you but does no damage.
The iguana bites you but does no damage.
You barely miss Grinder.
Grinder is moderately wounded.
You barely miss the iguana. Grinder hits you!
* * * LOW HITPOINT WARNING * * *
You writhe in agony.
You die...

#########
#@loo..o#
#5#####.#
################.#
#................#
#.################
#.#### .....#
#.##.# #.##.#


You could see Grinder, an iguana, an orc wizard (wandering) and 2 orcs.

Vanquished Creatures
  2 adders (D:2)
  A dart slug (D:2)
  A bat (D:2)
  3 endoplasms
  4 giant cockroaches
  3 goblins (D:1)
  4 hobgoblins
  6 jackals (D:2)
  3 quokkas (D:1)
  6 ball pythons
  2 frilled lizards
  3 kobolds
  A rat (D:3)
39 creatures vanquished.

Vanquished Creatures (collateral kills)
  A kobold (D:1)
  A ball python (D:2)
2 creatures vanquished.

Grand Total: 41 creatures vanquished

Notes
Turn   | Place    | Note
-------+----------+-------------------------------------------
     0 | D:1      | Mickster the Ogre Necromancer began the quest for the Orb.
     0 | D:1      | Reached XP level 1. HP: 16/16 MP: 3/3
    92 | D:1      | Found a faded altar of an unknown god.
   157 | D:1      | Reached XP level 2. HP: 24/24 MP: 1/5
   494 | D:1      | Reached skill level 4 in Necromancy
   890 | D:2      | Reached XP level 3. HP: 31/31 MP: 4/7
  1049 | D:2      | Learned a level 3 spell: Vampiric Draining
  1554 | D:2      | Found an iron altar of Okawaru.
  1577 | D:2      | Reached skill level 1 in Axes
  1777 | D:2      | Reached XP level 4. HP: 8/39 MP: 6/8
  1783 | D:2      | HP: 1/39 [poisoned by an adder]
  2165 | D:2      | Found Ixaum's Distillery.
  2296 | D:3      | Noticed Grinder
  2306 | D:3      | HP: 1/39 [Grinder (8)]
  2306 | D:3      | Slain by Grinder

Illustrated notes

Levels and vault maps discovered:
D:1:      amcnicky_arrival_gap_in_the_tavern_cellar, layout_loops_ring,
          hellmonk_ecumenical_altar_lost_god
D:2:      layout_basic, basic_altar, serial_shops, nicolae_shop_waterfront,
          dreamdust_princess_corridor
D:3:      layout_loops_ring, old_standard_altar, gammafunk_ghost_mausoleum,
          uniq_grinder

Skill      XL: |  1  2  3 |
---------------+----------+-----
Necromancy     | 4 |  4.3
Spellcasting   | 3 |  3.0
Axes           | 1 |  1.1
Fighting       | |  0.1
Maces & Flails | |  0.3
Dodging        | |  1.8
Stealth        | |  1.7
Unarmed Combat | |  0.1

Action                     |  1- 3 |  4- 6 || total
---------------------------+-------+-------++-------
  Melee: Unarmed           |     8 |       ||     8
         Short sword       |    20 |       ||    20
         Dagger            |     6 |       ||     6
         War axe           |    43 |     8 ||    51
         Morningstar       |     1 |       ||     1
   Cast: Necrotise         |    41 |     4 ||    45
    Use: Scroll            |     4 |     1 ||     5
         Potion            |       |     1 ||     1
   Stab: Sleeping          |     3 |       ||     3
 Armour: Robe              |    36 |     2 ||    38
  Dodge: Dodged            |    59 |     5 ||    64

Table legend: (Time is in decaauts)
 A = Elapsed time spent in this place.
 B = Non-inter-level travel time spent in this place.
 C = Inter-level travel time spent in this place.
 D = Time resting spent in this place.
 E = Time spent auto-exploring this place.
 F = Levels seen in this place.
 G = Mean time per level.
                   A        B        C        D        E       F      G
               +--------+--------+--------+--------+--------+-----+--------+
         Total |   2326 |   2315 |     11 |   1089 |      0 |   3 |  775.3 |
       Dungeon |   2326 |   2315 |     11 |   1089 |      0 |   3 |  775.3 |
               +--------+--------+--------+--------+--------+-----+--------+

Top non-repeatable levels by time:
     D:2: 1713 daAuts
     D:1: 561 daAuts
     D:3: 50 daAuts
